 Dungeon Crawl Stone Soup version 0.22-a0-192-g6ffc940 (webtiles) character file.

32 jirachi the Skirmisher (level 3, 0/33 HPs)
             Began as a Hill Orc Fighter on Feb 17, 2018.
             Slain by a shadow imp (5 damage)
             ... on level 2 of the Dungeon.
             The game lasted 00:04:40 (344 turns).

jirachi the Skirmisher (Hill Orc Fighter)            Turns: 344, Time: 00:04:40

Health: 0/33       AC:  5    Str: 19    XL:     3   Next: 25%
Magic:  3/3        EV:  8    Int:  8    God:
Gold:   0          SH:  9    Dex: 10    Spells: 2/2 levels left

rFire    . . .     SeeInvis .   a - +0 long sword
rCold    . . .     Gourm    .   c - +0 shield
rNeg     . . .     Faith    .   g - +0 ring mail
rPois    .         Spirit   .   (no helmet)
rElec    .         Reflect  .   (no cloak)
rCorr    .         Harm     .   (no gloves)
MR       .....     Rnd*Tele +   (no boots)
Stlth    ..........             (no amulet)
HPRegen  0.11/turn              r - ring of teleportation (curse)
MPRegen  0.08/turn              (no ring)

@: no status effects
A: no striking features
a: no special abilities


You were on level 2 of the Dungeon.
You were not hungry.

You visited 1 branch of the dungeon, and saw 2 of its levels.

Inventory:

Hand Weapons
 a - a +0 long sword (weapon)
 e - a +0 short sword
 h - a +0 short sword
 i - a +0 club
 l - a +0 club
 m - a +0 club
 p - a +0 dagger
 q - a +0 club
Missiles
 o - 3 stones (quivered)
Armour
 b - a +0 scale mail
 c - a +0 shield (worn)
 g - a +0 ring mail (worn)
Jewellery
 j - a +1 ring of slaying {unknown}
 r - a cursed ring of teleportation (left hand)
Scrolls
 k - a scroll of amnesia {unknown}
Potions
 d - a potion of might
Comestibles
 f - a ration
 n - 6 chunks of flesh


   Skills:
 + Level 4.2 Fighting
 + Level 2.5 Long Blades
 + Level 3.6 Armour
 + Level 0.1 Dodging
 + Level 3.6 Shields


You had 2 spell levels left.
You didn't know any spells.

Dungeon Overview and Level Annotations

Branches:
Dungeon (2/15)

Altars:


Message History

You block the shadow imp's attack.
You hit the shadow imp.
The shadow imp is heavily wounded.
The shadow imp hits you but does no damage.
The shadow imp hits you.
You hit the shadow imp.
The shadow imp is severely wounded.
You block the shadow imp's attack.
You closely miss the shadow imp.
The shadow imp is severely wounded.
The shadow imp hits you.
You barely miss the shadow imp.
The shadow imp is severely wounded.
The shadow imp hits you.
* * * LOW HITPOINT WARNING * * *
The shadow imp barely misses you.
You hit the shadow imp but do no damage.
The shadow imp is severely wounded.
The shadow imp hits you.
You die...

..####....#
...........#
..####.....#
#....##
#####..#...#
#......#.###
##.##...#.####
#....5........
#....@..######
#.<..####
#.... #....
#.... #####


You could see a shadow imp.

Vanquished Creatures
  An adder (D:2)
  An ooze (D:1)
  2 bats
  2 giant cockroaches (D:2)
  3 goblins
  2 hobgoblins (D:1)
  3 jackals (D:1)
  A frilled lizard (D:1)
  2 kobolds (D:1)
17 creatures vanquished.

Notes
Turn   | Place    | Note
-------+----------+-------------------------------------------
     0 | D:1      | jirachi the Hill Orc Fighter began the quest for the Orb.
     0 | D:1      | Reached XP level 1. HP: 19/19 MP: 1/1
    37 | D:1      | Reached XP level 2. HP: 26/27 MP: 2/2
   152 | D:1      | Reached skill level 4 in Fighting
   312 | D:2      | Reached XP level 3. HP: 17/33 MP: 3/3
   344 | D:2      | Slain by a shadow imp

Vault maps used:
D:1:      saegor_arrival_simple_e, minmay_surrounded
D:2:      nicolae_tso_carved_into_rock, kennysheep_generic_room_7

Skill      XL: |  1  2 |
---------------+-------+-----
Fighting       | 4 |  4.2
Long Blades    | |  2.5
Armour         | |  3.6
Dodging        | |  0.1
Shields        | |  3.6

Action                   || total
-------------------------++-------
Melee: Long sword        ||    56
Armor: Ring mail         ||    41
Dodge: Dodged            ||    33
Block: Shield            ||    40
       Rpst.: Long sword ||    11

Table legend:
 A = Spawn XP
 B = Non-spawn XP
 C = Spawn XP percentage of total XP
 D = Spawn monster count
 E = Non-spawn monster count
 F = Spawn count percentage of total count
 G = Total turns spent on level
                    A         B        C        D         E        F      G
               +---------+---------+-------+---------+---------+-------+---------
         Total |       0 |      46 |   0.0 |       0 |      17 |   0.0 |   344
               +---------+---------+-------+---------+---------+-------+---------
           D:1 |       0 |      26 |   0.0 |       0 |      12 |   0.0 |   298
           D:2 |       0 |      20 |   0.0 |       0 |       5 |   0.0 |    46
               +---------+---------+-------+---------+---------+-------+---------
